 Dungeon Crawl Stone Soup version 0.19-a0-1676-g39ae8cc (webtiles) character file.

516 Amnesiac the Geomancer (level 7, -2/36 HPs)
             Began as a Gargoyle Earth Elementalist on Sept 23, 2016.
             Killed from afar by Amnesiac's ghost (30 damage)
             ... with a stone arrow
             ... on level 6 of the Dungeon.
             The game lasted 00:04:39 (2110 turns).

Amnesiac the Geomancer (GrEE)                       Turns: 2110, Time: 00:04:41

Health: -2/36      AC:  7    Str: 12    XL:     7   Next: 20%
Magic:  8/13       EV: 12    Int: 17    God:
Gold:   146        SH:  0    Dex: 10    Spells: 4 memorised, 3 levels left

rFire  . . .     SeeInvis .     j - 151 stones
rCold  . . .     Gourm    .     c - +0 robe
rNeg   + . .     Faith    .     (no shield)
rPois  ∞         Spirit   .     (no helmet)
rElec  +         Dismiss  .     (no cloak)
rCorr  .         Reflect  .     (no gloves)
MR     .....     Harm     .     m - +0 pair of boots
Stlth  ++........               (no amulet)
                                (no ring)
                                (no ring)

@: very slightly contaminated
A: negative energy resistance 1, electricity resistance, unbreathing,
petrification resistance, rot immunity, AC +4
a: no special abilities


You were on level 6 of the Dungeon.
You were not hungry.

You visited 1 branch of the dungeon, and saw 6 of its levels.

You collected 146 gold pieces.

Inventory:

Hand Weapons
 f - a +0 dagger
Missiles
 a - 3 curare-tipped needles
 j - 151 stones (in hand)
Armour
 c - a +0 robe (worn)
 m - a +0 pair of boots (worn)
Jewellery
 l - an uncursed ring of protection from fire {unknown}
Wands
 b - a wand of acid (8/15)
 h - a wand of polymorph (10/24)
 i - a wand of digging (19/24)
Scrolls
 g - a scroll of recharging
Potions
 k - 2 potions of berserk rage {unknown}
 o - a potion of flight
 p - a potion of invisibility {unknown}
Books
 e - a book of Geomancy

   Spells                             Type                      Level
   a - Sandblast                      Earth                        1
   b - Passwall                       Transmutation/Earth          2
   c - Stone Arrow                    Conjuration/Earth            3
   d - Petrify                        Transmutation/Earth          4
   e - Lee's Rapid Deconstruction     Earth                        5
Comestibles
 d - 2 bread rations
 n - a chunk of flesh


   Skills:
 - Level 1.5 Dodging
 - Level 2.1 Stealth
 + Level 4.1 Spellcasting
 - Level 0.7 Transmutations
 * Level 8.2 Earth Magic


You had 3 spell levels left.
You knew the following spells:

 Your Spells              Type           Power        Failure   Level  Hunger
a - Lee's Rapid Deconstr  Erth           ####......   17%         5    ######.
f - Stone Arrow           Conj/Erth      ###...       10%         3    ###....
v - Passwall              Tmut/Erth      ###.......   3%          2    ##.....
z - Sandblast             Erth           ####..       1%          1    None


Dungeon Overview and Level Annotations

Branches:
Dungeon (6/15)
 Temple: D:4-7

Altars:
Cheibriados
Gozag
Okawaru
Qazlal
Trog
Zin

Shops:
D:6 %=

Annotations:
D:5 exclusion: goblin
D:6 Amnesiac's ghost, novice DEEE


Innate Abilities, Weirdness & Mutations

You are resistant to torment.
Your stone body is resilient. (AC +4)
You are immune to poison.
You resist negative energy. (rN+)
You are resistant to electric shocks. (rElec)
You can survive without breathing.
You are immune to petrification.
You are immune to rotting.


Message History

Amnesiac's ghost is lightly damaged.
Casting: Sandblast
Confirm with . or Enter, or press ? or * to list all spells.
Aiming: Sandblast
Press: ? - help, Shift-Dir - straight line, f/p - Amnesiac's ghost
Aim: Amnesiac's ghost (lightly damaged)
You miscast Sandblast.
You are very lightly contaminated with residual magic.
You are showered with tiny particles of grit.
Casting: Sandblast
Confirm with . or Enter, or press ? or * to list all spells.
Aiming: Sandblast
Press: ? - help, Shift-Dir - straight line, f/p - Amnesiac's ghost
Aim: Amnesiac's ghost (lightly damaged)
The rocky blast hits Amnesiac's ghost.
Amnesiac's ghost is moderately damaged.
Amnesiac's ghost casts a spell at you. The stone arrow hits you!
Ouch! That really hurt!
You die...

..##... #...## .......
#....## .......
####..# ....... #...##
....... #....##
....... #.....#
...#...#####...#.#
...............#.#
.##.#.#...##W@.#.#
............#.#
...#.######.....######
... #. #...#..#...# #.
# #####......# #
##...#.### #..#..∩..#
#.....#.#.#
...##......#


You could see Amnesiac's ghost.

Vanquished Creatures
  Menkaure (D:4)
  An ogre (D:5)
  A crimson imp (D:6)
  A centaur zombie (D:6)
  An orc priest (D:4)
  A hound (D:4)
  A centaur skeleton (D:4)
  Natasha (D:4)
  2 worker ants (D:4)
  A killer bee zombie (D:6)
  The ghost of Amnesiac the Digger, a weakling DEEE (D:4)
  2 adders (D:4)
  2 adder skeletons (D:4)
  A dart slug (D:6)
  A leopard gecko (D:4)
  3 orcs (D:4)
  A bat (D:3)
  3 giant cockroaches
  2 hobgoblins (D:5)
  A quokka (D:6)
  2 frilled lizards
  5 goblins
  2 kobolds (D:5)
  A quokka skeleton (D:5)
  A rat (D:3)
39 creatures vanquished.

Notes
Turn   | Place    | Note
-------+----------+-------------------------------------------
     0 | D:1      | Amnesiac the Gargoyle Earth Elementalist began the quest for the Orb.
     0 | D:1      | Reached XP level 1. HP: 10/10 MP: 3/3
   226 | D:3      | Reached skill level 4 in Earth Magic
   278 | D:3      | Found a glowing silver altar of Zin.
   309 | D:3      | Reached XP level 2. HP: 15/15 MP: 3/5
   315 | D:3      | Learned a level 2 spell: Passwall
   420 | D:4      | Reached XP level 3. HP: 19/19 MP: 0/6
   425 | D:4      | Learned a level 3 spell: Stone Arrow
   604 | D:4      | Found a stormy altar of Qazlal.
   664 | D:4      | Noticed Natasha
   667 | D:4      | Killed Natasha
   667 | D:4      | Reached skill level 5 in Earth Magic
   667 | D:4      | Reached XP level 4. HP: 24/24 MP: 4/8
   813 | D:4      | Reached skill level 6 in Earth Magic
   813 | D:4      | Reached XP level 5. HP: 22/28 MP: 5/9
   913 | D:4      | Noticed Amnesiac's ghost (weakling DEEE)
   919 | D:4      | Killed Amnesiac's ghost
  1164 | D:4      | Found an opulent altar of Gozag.
  1224 | D:4      | Found an iron altar of Okawaru.
  1225 | D:4      | Noticed Menkaure
  1230 | D:4      | Killed Menkaure
  1230 | D:4      | Reached skill level 7 in Earth Magic
  1230 | D:4      | Reached XP level 6. HP: 22/32 MP: 7/11
  1443 | D:5      | Entered Level 5 of the Dungeon
  1728 | D:5      | Found a bloodstained altar of Trog.
  2036 | D:6      | Learned a level 5 spell: Lee's Rapid Deconstruction
  2041 | D:6      | Found a snail-covered altar of Cheibriados.
  2049 | D:6      | Found Pecreech's Food Shop.
  2054 | D:6      | Reached skill level 8 in Earth Magic
  2054 | D:6      | Reached XP level 7. HP: 27/36 MP: 8/13
  2058 | D:6      | Found Juca's Jewellery Shoppe.
  2097 | D:6      | Noticed Amnesiac's ghost (novice DEEE)
  2110 | D:6      | Killed from afar by Amnesiac's ghost

Vault maps used:
D:1:      lemuel_arrival_broad_hall, minmay_lizard_pond
D:2:      ecumenical_altar_2
D:3:      overflow_temple_1_default, yredelemnul_forgotten_temple_becter
D:4:      grunt_qazlal_sundering, kennysheep_mini, okawaru_gym_becter,
          uniq_menkaure, uniq_natasha
D:5:      minmay_goblin_kobold_castle, first_bread, trog_hazing_becter
D:6:      serial_shops, nicolae_shop_crystal, nicolae_shop_waterfront,
          nicolae_shop_crystal, shop, shop, kennysheep_slug_shrine,
          uniq_prince_ribbit1

Skill      XL: |  1  2  3  4  5  6 |
---------------+-------------------+-----
Earth Magic    | 4 5 6 7 8 |  8.2
Spellcasting   | 3 4 |  4.1
Dodging        | |  1.5
Stealth        | |  2.1
Transmutations | |  0.7

Action                   |  1- 3 |  4- 6 |  7- 9 || total
-------------------------+-------+-------+-------++-------
 Cast: Sandblast         |    33 |    46 |     6 ||    85
       Stone Arrow       |     2 |       |       ||     2
Evoke: Wand              |     2 |       |       ||     2
  Use: Scroll            |     2 |     5 |       ||     7
  Eat: Bread ration      |       |     1 |       ||     1
Armor: Robe              |    17 |     6 |       ||    23
Dodge: Dodged            |    35 |    18 |     2 ||    55
